 Dungeon Crawl Stone Soup version 0.19.4-9-g45fd643 (webtiles) character file.

2866 oplop the Chiller (level 9, -12/54 HPs)
             Began as an Octopode Ice Elementalist on Feb 20, 2017.
             Was a Believer of Cheibriados.
             Mangled by an orc warrior
             ... wielding a +0 battleaxe
              (27 damage)
             ... on level 8 of the Dungeon.
             The game lasted 00:19:37 (8485 turns).

oplop the Chiller (Octopode Ice Elementalist)       Turns: 8485, Time: 00:19:38

Health: -12/54     AC: 10    Str: 11    XL:     9   Next: 75%
Magic:  2/15       EV: 16    Int: 25    God:    Cheibriados [**....]
Gold:   273        SH:  0    Dex: 19    Spells: 5 memorised, 3 levels left

rFire  . . .     SeeInvis .     (no weapon)
rCold  . . .     Gourm    .     (no shield)
rNeg   + . .     Faith    .     x - +2 hat
rPois  +         Spirit   .     (no amulet)
rElec  .         Reflect  .     o - +3 ring of dexterity
rCorr  .         Harm     .     y - ring of positive energy
MR     .....                    (no ring)
Stlth  +++.......               E - ring of poison resistance
                                (no ring)
                                (no ring)
                                (no ring)
                                (no ring)

@: icy armour, very slightly contaminated, very slow
A: almost no armour, stealthy swim, amphibious, 8 rings, constrict 8, tentacle
spike 1, camouflage 1, frail 1, shaggy fur 1, gelatinous body 1
a: Bend Time, Renounce Religion


You were on level 8 of the Dungeon.
You worshipped Cheibriados.
Cheibriados was pleased with you.
You were not hungry.

You visited 2 branches of the dungeon, and saw 9 of its levels.

You collected 430 gold pieces.
You spent 157 gold pieces at shops.

Inventory:

Hand Weapons
 e - a +0 dagger of venom
Armour
 x - a +2 hat (worn)
Magical Staves
 D - an uncursed staff of energy
Jewellery
 o - a +3 ring of dexterity (left tentacle)
 y - a ring of positive energy (right tentacle)
 E - a ring of poison resistance (on tentacle)
Scrolls
 d - 5 scrolls of blinking
 f - 3 scrolls of remove curse
 g - 4 scrolls of amnesia {unknown}
 i - a scroll of summoning {unknown}
 k - 4 scrolls of magic mapping {unknown}
 m - 4 scrolls of immolation
 n - 5 scrolls of identify
 p - 6 scrolls of teleportation {unknown}
 t - 2 scrolls of enchant weapon {unknown}
 u - 2 scrolls of noise {unknown}
 w - 2 scrolls of recharging {unknown}
Potions
 c - 4 potions of might
 h - 2 potions of flight {unknown}
 l - a potion of magic {unknown}
 q - 4 potions of curing
 r - a potion of degeneration {unknown}
 s - 2 potions of lignification {unknown}
 v - 2 potions of haste {unknown}
 z - 2 potions of cure mutation {unknown}
 A - a potion of resistance {unknown}
 B - a potion of ambrosia {unknown}
 F - 2 potions of heal wounds
Books
 a - a book of Frost

   Spells                             Type                      Level
   a - Freeze                         Ice                          1
   b - Throw Frost                    Conjuration/Ice              2
   c - Ozocubu's Armour               Charms/Ice                   3
   d - Throw Icicle                   Conjuration/Ice              4
   e - Summon Ice Beast               Ice/Summoning                4
Comestibles
 b - 11 bread rations
 j - 5 meat rations
 C - 9 chunks of flesh


   Skills:
 + Level 5.1 Fighting
 + Level 4.3 Dodging
 - Level 2.6 Stealth
 - Level 4.5 Spellcasting
 - Level 4.5 Conjurations
 - Level 3.9 Summonings
 - Level 6.9 Ice Magic
 * Level 5.9 Invocations


You had 3 spell levels left.
You knew the following spells:

 Your Spells              Type           Power        Failure   Level  Hunger
a - Freeze                Ice            ####         1%          1    None
b - Ozocubu's Armour      Chrm/Ice       ###.....     8%          3    ##.....
c - Throw Icicle          Conj/Ice       ####....     12%         4    ####...
d - Summon Ice Beast      Ice/Summ       ####....     12%         4    ####...
e - Throw Frost           Conj/Ice       ####..       1%          2    None


Dungeon Overview and Level Annotations

Branches:
Dungeon (8/15)             Temple (1/1) D:6
   Lair: D:8-11

Altars:
Ashenzari
Cheibriados
Dithmenos
Elyvilon
Fedhas
Gozag
Hepliaklqana
Kikubaaqudgha
Makhleb
Nemelex Xobeh
Okawaru
Qazlal
Ru
Sif Muna
Trog
Uskayaw
Xom
Yredelemnul
The Shining One

Shops:
D:5 [   D:6 [   D:7 !

Annotations:
D:5 exclusion: ogre
D:7 exclusion: ogre
D:8 Maurice


Innate Abilities, Weirdness & Mutations

You cannot wear most types of armour.
You are very stealthy in the water. (Stealth+)
You are amphibious.
You can wear up to eight rings at the same time.
You can use your tentacles to constrict eight enemies at once.
Your skin changes colour to match your surroundings (Stealth+).
Your rubbery body absorbs attacks. (AC +1, EV +1)
One of your tentacles bears a spike.
You are frail. (-10% HP)
You are covered in fur. (AC +1)


Message History

You tentacle-slap the orc warrior but do no damage.
You grab the orc warrior.
You squeeze the orc warrior, but do no damage.
The orc warrior is heavily wounded.
You constrict the orc warrior, but do no damage.
Your ice beast hits the orc warrior but does no damage.
Casting: Ozocubu's Armour
Confirm with . or Enter, or press ? or * to list all spells.
Okay, then.
Casting: Ozocubu's Armour
Confirm with . or Enter, or press ? or * to list all spells.
Aiming: Freeze
Press: ? - help, Shift-Dir - straight line, f/p - orc warrior
Aim: an orc warrior, wielding a battleaxe and wearing a chain mail (heavily wounded, constricted by you)
You freeze the orc warrior.
The orc warrior is severely wounded.
You constrict the orc warrior, but do no damage.
The orc warrior hits you with a battleaxe!!
Ouch! That really hurt!
You die...

#...#....#.......#
#...'....#.......#
#...#....#....[..'
##############.......#
#.....................
#..(.(..............).
#.....................
#...(....(............
#..(.@†?(.####........
#...o.(...# #.......#
.###'#Y....#..+.......#
......'.....#..#.......#
......#.....#..#.......#
...##..#.....#..#.......#
.. ####....##.>#.......#
. #....#...#.......#
..#........'.......#


You could see an orc warrior and a friendly ice beast.

Vanquished Creatures
  Prince Ribbit (D:6)
  Sigmund (D:5)
  A spriggan (D:8)
  A sky beast (D:6)
  2 orc warriors
  A phantom (D:6)
  Blork the orc (D:5)
  2 bullfrogs
  4 scorpions
  3 killer bees (D:8)
  3 howler monkeys
  2 crimson imps (D:5)
  A jelly (D:3)
  6 orc priests
  2 hounds
  A centaur skeleton (D:8)
  9 orc wizards
  5 worker ants
  A worker ant zombie (D:8)
  4 gnolls
  8 adders
  3 oozes
  An adder skeleton (D:5)
  5 dart slugs
  4 leopard geckos
  26 orcs
  3 giant cockroaches
  3 goblins
  2 hobgoblins (D:2)
  3 iguanas
  9 jackals
  3 quokkas
  A ball python zombie (D:6)
  5 bats
  6 frilled lizards
  A jackal zombie (D:6)
  4 kobolds
  A leopard gecko zombie (D:5)
  A quokka skeleton (D:6)
  26 rats
166 creatures vanquished.

Vanquished Creatures (collateral kills)
  2 black bears
  Duvessa (D:6)
  Dowan (D:6)
  2 killer bees (D:8)
  A wight (D:7)
  A crimson imp (D:8)
  A bullfrog zombie (D:8)
  An orc priest (D:8)
  An orc wizard (D:8)
  An adder zombie (D:6)
  2 orcs
14 creatures vanquished.

Grand Total: 180 creatures vanquished

Notes
Turn   | Place    | Note
-------+----------+-------------------------------------------
     0 | D:1      | oplop the Octopode Ice Elementalist began the quest for the Orb.
     0 | D:1      | Reached XP level 1. HP: 11/11 MP: 3/3
   288 | D:1      | Reached skill level 1 in Fighting
   288 | D:1      | Reached XP level 2. HP: 9/18 MP: 3/5
   797 | D:2      | Found a sparkling altar of Nemelex Xobeh.
   846 | D:2      | Reached XP level 3. HP: 11/23 MP: 6/6
  1389 | D:2      | Reached XP level 4. HP: 22/29 MP: 5/7
  1864 | D:3      | Reached skill level 4 in Ice Magic
  2145 | D:3      | Reached XP level 5. HP: 33/35 MP: 4/9
  2174 | D:3      | Found a shimmering altar of Xom.
  2362 | D:3      | Reached XP level 6. HP: 40/42 MP: 5/10
  2596 | D:4      | Reached skill level 5 in Ice Magic
  2841 | D:4      | Learned a level 3 spell: Ozocubu's Armour
  2846 | D:4      | Learned a level 4 spell: Throw Icicle
  3542 | D:4      | Reached XP level 7. HP: 34/46 MP: 7/12
  3942 | D:5      | Entered Level 5 of the Dungeon
  3984 | D:5      | Learned a level 4 spell: Summon Ice Beast
  4441 | D:5      | Reached skill level 1 in Summonings
  4600 | D:6      | Noticed Dowan
  4624 | D:5      | Noticed Blork the orc
  4626 | D:5      | Found Xisugit's Antique Armour Shoppe.
  4635 | D:5      | Killed Blork the orc
  4695 | D:5      | Reached skill level 6 in Ice Magic
  4726 | D:5      | Noticed Sigmund
  4808 | D:5      | Killed Sigmund
  4808 | D:5      | Reached XP level 8. HP: 40/52 MP: 7/14
  5412 | D:6      | Noticed Duvessa
  5500 | D:6      | Found Vuck's Antique Armour Shoppe.
  5575 | D:6      | Killed Duvessa
  5590 | D:6      | Killed Dowan
  5642 | D:6      | Found a staircase to the Ecumenical Temple.
  6026 | Temple   | Entered the Ecumenical Temple
  6241 | Temple   | Became a worshipper of Cheibriados the Contemplative
  6318 | D:6      | Learned a level 2 spell: Throw Frost
  6364 | D:6      | Noticed Prince Ribbit
  6376 | D:6      | Killed Prince Ribbit
  6376 | D:6      | Reached XP level 9. HP: 35/57 MP: 4/15
  7182 | D:7      | Found Atoetao's Distillery.
  7190 | D:7      | Bought a potion of heal wounds for 75 gold pieces
  7190 | D:7      | Bought a potion of curing for 45 gold pieces
  7190 | D:7      | Bought a potion of mutation for 37 gold pieces
  7190 | D:7      | Gained mutation: You are covered in fur. (AC +1) [potion of mutation]
  7190 | D:7      | Gained mutation: You are frail. (-10% HP) [potion of mutation]
  7190 | D:7      | Gained mutation: One of your tentacles bears a spike. [potion of mutation]
  7668 | D:7      | Reached * piety under Cheibriados
  7886 | D:8      | Noticed Maurice
  8200 | D:8      | Reached skill level 5 in Invocations
  8208 | D:8      | Reached ** piety under Cheibriados
  8314 | D:8      | Found a bloodstained altar of Trog.
  8366 | D:8      | Reached skill level 5 in Fighting
  8485 | D:8      | Mangled by an orc warrior

Skill      XL: |  1  2  3  4  5  6  7  8  9 |
---------------+----------------------------+-----
Fighting       | 1 2 3 5 |  5.1
Ice Magic      | 4 5 6 |  6.9
Spellcasting   | 3 4 |  4.5
Conjurations   | 2 3 4 |  4.5
Summonings     | 2 3 |  3.9
Invocations    | 2 5 |  5.9
Dodging        | 4 |  4.3
Stealth        | |  2.6

Action                   |  1- 3 |  4- 6 |  7- 9 || total
-------------------------+-------+-------+-------++-------
Melee: Unarmed           |    58 |   102 |   141 ||   301
       Constrict         |    17 |    36 |    73 ||   126
       Tentacles         |    12 |    20 |    59 ||    91
       Dagger            |       |       |   102 ||   102
       Kick              |       |       |    52 ||    52
 Cast: Freeze            |    21 |    54 |    72 ||   147
       Ozocubu's Armour  |       |     2 |    21 ||    23
       Summon Ice Beast  |       |       |    13 ||    13
       Throw Icicle      |       |       |     4 ||     4
       Throw Frost       |       |       |     3 ||     3
  Use: Scroll            |       |       |     6 ||     6
       Potion            |       |       |     2 ||     2
 Stab: Sleeping          |     6 |    10 |    14 ||    30
       Distracted        |     1 |     2 |     1 ||     4
  Eat: Chunk             |     1 |     8 |    13 ||    22
       Pizza             |       |       |     1 ||     1
       Fruit             |       |       |     4 ||     4
       Beef jerky        |       |       |     1 ||     1
Armor: Skin              |     5 |    30 |    78 ||   113
Dodge: Dodged            |    44 |    95 |   227 ||   366
